 Dungeon Crawl Stone Soup version 0.31-a0-986-g5e6e4ef867 (webtiles) character file.

Game seed: 6007118814348199493

714 Lobster4 the Shooter (level 7, -6/60 HPs)
             Began as a Minotaur Hunter on Nov 5, 2023.
             Was an Initiate of Fedhas.
             Mangled by a wyvern zombie (10 damage)
             ... on level 6 of the Dungeon.
             The game lasted 00:11:12 (4384 turns).

Lobster4 the Shooter (Minotaur Hunter)              Turns: 4384, Time: 00:11:13

Health: -6/60      AC:  6    Str: 15    XL:     7   Next: 41%
Magic:  6/6        EV: 12    Int:  6    God:    Fedhas [......]
Gold:   230        SH:  0    Dex: 16    Spells: 6/6 levels left

rFire   . . .        a - +0 shortbow
rCold   . . .        (shield currently unavailable)
rNeg    . . .        k - +0 ring mail
rPois   .            (helmet restricted)
rElec   .            (no cloak)
rCorr   +            (no gloves)
SInv    .            F - +0 pair of boots
Will    .....        (no amulet)
Stlth   +            y - ring of resist corrosion
HPRegen 0.30/turn    (no ring)
MPRegen 0.10/turn

%: no passive effects
@: no status effects
A: horns 2, retaliatory headbutt
a: Renounce Religion


You were on level 6 of the Dungeon.
You worshipped Fedhas.
Fedhas was noncommittal.
You visited 2 branches of the dungeon, and saw 7 of its levels.

You collected 293 gold pieces.
You spent 63 gold pieces at shops.

Inventory:

Hand Weapons
 a - a +0 shortbow (weapon)
 b - a +2 dagger of venom
 p - a +0 short sword
 s - a +0 rapier
 w - a +2 dagger of holy wrath
 A - a +1 spear of venom
 C - a +0 orcbow
Missiles
 j - 11 poisoned darts
 o - 6 silver javelins
Armour
 c - a +0 leather armour
 k - a +0 ring mail (worn)
 x - a +0 buckler of protection
 D - the +3 scale mail "Rayti" {Drain rF+++ Will- SInv}
   (You found it on level 5 of the Dungeon)

   rF+++:     It renders you almost immune to fire.
   Will-:     It decreases your willpower.
   SInv:      It lets you see invisible.
   Drain:     It drains your maximum health when unequipped.
 F - a +0 pair of boots (worn)
Jewellery
 y - a ring of resist corrosion (left hand)
 G - an amulet of faith
Wands
 l - a wand of polymorph (9)
 H - a wand of mindburst (11)
Scrolls
 d - a scroll of blinking
 e - 2 scrolls of teleportation
 m - a scroll of butterflies
 q - a scroll of amnesia
 E - a scroll of poison {unknown}
Potions
 f - a potion of cancellation
 g - 2 potions of heal wounds {unknown}
 h - 4 potions of degeneration {unknown}
 i - a potion of invisibility
 n - a potion of haste
 r - a potion of magic {unknown}
 t - 5 potions of curing {unknown}
 u - a potion of brilliance
 v - a potion of mutation
 z - a potion of might
 B - a potion of enlightenment {unknown}


   Skills:
 + Level 4.5 Fighting
 + Level 2.1 Short Blades
 * Level 6.5 Ranged Weapons
 + Level 1.9 Throwing
 + Level 3.5 Armour
 + Level 3.9 Dodging
 - Level 1.0 Stealth
 + Level 0.6 Invocations
 + Level 1.7 Evocations


You had 6 spell levels left.
You didn't know any spells.
Your spell library contained the following spells:

 Spells                   Type           Power      Damage    Failure   Level
 Slow                     Hex            0%         N/A       67%         1
 Ensorcelled Hibernation  Hex/Ice        0%         N/A       82%         2
 Passwall                 Tmut/Erth      0%         N/A       82%         2
 Confusing Touch          Hex            0%         N/A       96%         3
 Sigil of Binding         Hex            0%         N/A       96%         3
 Swiftness                Air            0%         N/A       96%         3
 Vampiric Draining        Necr           0%         2d6       96%         3


Dungeon Overview and Level Annotations

Branches:
Dungeon (6/15)             Temple (1/1) D:6

Altars:
Ashenzari
Cheibriados
Dithmenos
Elyvilon
Fedhas
Gozag
Hepliaklqana
Kikubaaqudgha
Makhleb
Nemelex Xobeh
Okawaru
Qazlal
Ru
Sif Muna
Trog
Uskayaw
Vehumet
Wu Jian
Xom
Zin
The Shining One

Shops:
D:2 [   D:3 (

Annotations:
D:5 3 runed translucent doors, lunkers's ghost, novice DgSh


Innate Abilities, Weirdness & Mutations

You have a pair of horns on your head.
You reflexively headbutt those who attack you in melee.


Message History

You shoot an arrow. The arrow hits the wyvern zombie.
The wyvern zombie is severely damaged.
The wyvern zombie bites you!
The wyvern zombie bites you but does no damage.
You shoot an arrow. The arrow hits the wyvern zombie.
The wyvern zombie is severely damaged.
The wyvern zombie closely misses you. You furiously retaliate!
You headbutt the wyvern zombie. You shoot an arrow.
The arrow barely misses the wyvern zombie.
The wyvern zombie bites you but does no damage.
The wyvern zombie bites you.
You are too injured to fight recklessly!
You are too injured to fight recklessly!
You are too injured to fight recklessly!
You are too injured to fight recklessly!
You shoot an arrow.
The arrow hits the wyvern zombie but does no damage.
The wyvern zombie is almost destroyed.
The wyvern zombie bites you.
You shoot an arrow.
The arrow hits the wyvern zombie but does no damage.
The wyvern zombie is almost destroyed.
The wyvern zombie bites you!
* * * LOW HITPOINT WARNING * * *
The wyvern zombie bites you.
* * * LOW HITPOINT WARNING * * *
You shoot an arrow.
The arrow completely misses the wyvern zombie.
The wyvern zombie bites you!
* * * LOW HITPOINT WARNING * * *
You shoot an arrow.
The arrow barely misses the wyvern zombie.
The wyvern zombie misses you.
The wyvern zombie bites you but does no damage.
You shoot an arrow. The arrow hits the wyvern zombie.
The wyvern zombie is almost destroyed.
The wyvern zombie bites you!
You die...
Fedhas appreciates your contribution to the ecosystem.

#.......# #.# #..
#..###### #.# ##.
#..# #.######.
#..# #........
#..# #########
#..# #..#
#..##############
#......)Z@.......
##.##############
#...O.....
#..#.Z...# #..#
####. .... .####.
#. . # #


You could see a wyvern zombie.

Vanquished Creatures
  2 ogres
  2 centaurs
  2 scorpions
  A jelly (D:6)
  3 iguanas
  A howler monkey zombie (D:6)
  3 adders
  2 shadow imps
  2 worms
  2 dart slugs
  5 orcs
  2 ball pythons
  5 bats
  2 endoplasms (D:2)
  6 giant cockroaches
  10 goblins
  9 hobgoblins
  10 jackals
  5 kobolds
  2 quokkas
  4 frilled lizards
  8 rats
88 creatures vanquished.

Vanquished Creatures (others)
  A scorpion (D:6)
  A howler monkey zombie (D:6)
  An orc (D:6)
3 creatures vanquished.

Grand Total: 91 creatures vanquished

Notes
Turn   | Place    | Note
-------+----------+-------------------------------------------
     0 | D:1      | Lobster4 the Minotaur Hunter began the quest for the Orb.
     0 | D:1      | Reached XP level 1. HP: 18/18 MP: 0/0
    86 | D:1      | Reached skill level 1 in Stealth
   120 | D:1      | Reached XP level 2. HP: 25/25 MP: 1/1
   285 | D:1      | Reached skill level 1 in Armour
   401 | D:1      | Reached XP level 3. HP: 30/30 MP: 2/2
   659 | D:2      | Found a snail-covered altar of Cheibriados.
   693 | D:2      | Reached skill level 5 in Ranged Weapons
   750 | D:2      | Found Ytitziad's Armour Shoppe.
   914 | D:2      | Reached XP level 4. HP: 38/38 MP: 3/3
   917 | D:2      | Noticed a scorpion
   923 | D:2      | Killed a scorpion
  1012 | D:2      | Reached XP level 5. HP: 45/45 MP: 4/4
  1190 | D:3      | Found an opulent altar of Gozag.
  1261 | D:3      | Found Naef's Antique Weapon Emporium.
  1268 | D:3      | Found an ancient bone altar of Kikubaaqudgha.
  1500 | D:3      | Found a hide-covered altar of Uskayaw.
  2219 | D:5      | Entered Level 5 of the Dungeon
  2236 | D:5      | Noticed a centaur
  2363 | D:5      | Reached skill level 1 in Short Blades
  2363 | D:5      | Reached XP level 6. HP: 21/52 MP: 5/5
  2562 | D:5      | Reached skill level 6 in Ranged Weapons
  2562 | D:5      | Reached skill level 1 in Throwing
  2562 | D:5      | Reached skill level 1 in Evocations
  2687 | D:5      | Found a runed translucent gate.
  2718 | D:5      | Found a runed translucent gate.
  2719 | D:5      | Found a runed translucent gate.
  2721 | D:5      | Noticed lunkers's ghost (novice DgSh)
  2881 | D:5      | Identified the +3 scale mail "Rayti" {Drain rF+++ Will-
                  | SInv}
  3580 | D:6      | Reached XP level 7. HP: 21/60 MP: 6/6
  3733 | D:6      | Found a staircase to the Ecumenical Temple.
  3742 | Temple   | Entered the Ecumenical Temple
  3825 | D:6      | Found a shimmering altar of Xom.
  3842 | D:6      | Found an iron altar of Okawaru.
  3843 | D:6      | Found a blossoming altar of Fedhas.
  3863 | D:6      | Became a worshipper of Fedhas Madash
  4227 | D:2      | Bought a +0 pair of boots for 63 gold pieces
  4382 | D:6      | HP: 3/60 [wyvern zombie (9)]
  4384 | D:6      | Mangled by a wyvern zombie

Illustrated notes

Levels and vault maps discovered:
D:1:      wander_arrival_estate, layout_loops_cross
D:2:      layout_basic, basic_altar, serial_shops, shop
D:3:      layout_rooms, mainiacjoe_overflow_catch_the_wave,
          nicolae_kikubaaqudgha_miasma_corner, serial_shops,
          nicolae_shop_scrapyard
D:4:      layout_basic, st_stairs_6, chequers_serial_rivers_micro_c
D:5:      layout_rooms, gammafunk_ghost_split, roderic_roman_lattice,
          minmay_misc_feat_more_columns, minmay_misc_feat_five,
          chequers_serial_rivers_large_b, corner_web_ring
D:6:      minmay_angry_zag, layout_basic, lemuel_mausoleum_altar_yredelemnul,
          mainiacjoe_overflow_tiny_flanked,
          chequers_temple_overflow_statue_of_worship, minmay_temple_entry_arrows
Temple:   dpeg_chambers_temple

Skill      XL: |  1  2  3  4  5  6  7 |
---------------+----------------------+-----
Stealth        | 1 |  1.0
Armour         | 1 2 3 |  3.5
Fighting       | 3 4 |  4.5
Ranged Weapons | 5 6 |  6.5
Dodging        | 3 |  3.9
Short Blades   | 1 2 |  2.1
Throwing       | 1 |  1.9
Evocations     | 1 |  1.7
Invocations    | |  0.6

Action                     |  1- 3 |  4- 6 |  7- 9 || total
---------------------------+-------+-------+-------++-------
  Melee: Dagger            |       |     7 |       ||     7
         Headbutt          |       |     1 |       ||     1
   Fire: Shortbow          |   108 |   126 |    40 ||   274
  Throw: Dart              |       |     3 |       ||     3
    Use: Scroll            |       |    16 |       ||    16
 Armour: Leather armour    |    14 |       |       ||    14
         Ring mail         |    19 |    50 |    15 ||    84
  Dodge: Dodged            |    48 |    43 |    11 ||   102

Table legend: (Time is in decaauts)
 A = Elapsed time spent in this place.
 B = Non-inter-level travel time spent in this place.
 C = Inter-level travel time spent in this place.
 D = Time resting spent in this place.
 E = Time spent auto-exploring this place.
 F = Levels seen in this place.
 G = Mean time per level.
                   A        B        C        D        E       F      G
               +--------+--------+--------+--------+--------+-----+--------+
         Total |   4476 |   4154 |    322 |    785 |   2569 |   7 |  639.4 |
       Dungeon |   4434 |   4132 |    302 |    785 |   2569 |   6 |  739.0 |
        Temple |     41 |     21 |     20 |      0 |      0 |   1 |   41.0 |
               +--------+--------+--------+--------+--------+-----+--------+

Top non-repeatable levels by time:
     D:4: 920 daAuts
     D:6: 863 daAuts
     D:5: 850 daAuts
     D:1: 678 daAuts
     D:3: 562 daAuts
     D:2: 559 daAuts
  Temple: 41 daAuts
